 Dungeon Crawl Stone Soup version 0.17-a0-1360-g37db002 (webtiles) character file.

59 ololoev the Grasshopper (level 3, -6/27 HPs)
             Began as a Mummy Warper on June 11, 2015.
             Was an Initiate of Gozag.
             Mangled by a centaur (7 damage)
             ... on level 3 of the Dungeon.
             The game lasted 00:04:11 (2602 turns).

ololoev the Grasshopper (Mummy Warper)              Turns: 2602, Time: 00:04:12

Health: -6/27      AC:  4    Str: 15    XL:     3   Next: 78%
Magic:  6/6        EV: 17    Int: 12    God:    Gozag
Gold:   169        SH:  0    Dex: 16    Spells: 2 memorised, 3 levels left

rFire  x . .     SeeInvis .     a - +0 falchion
rCold  + . .     Clarity  .     b - +0 leather armour
rNeg   + + +     SustAt   .     (no shield)
rPois  ∞         Gourm    .     (no helmet)
rElec  .         Spirit   .     (no cloak)
rCorr  .         Warding  .     (no gloves)
rMut   .         Stasis   .     j - +0 pair of boots
MR     .....                    (no amulet)
Stlth  ++........               (no ring)
                                (no ring)

@: agile, flying, hasted, very quick, not resistant to hostile enchantments,
unstealthy
A: no food or potions, fire vulnerability, cold resistance 1, negative energy
resistance 3, torment resistance, unbreathing
a: Potion Petition, Call Merchant, Bribe Branch, Renounce Religion


Innate Abilities, Weirdness & Mutations

You do not eat or drink.
Your flesh is vulnerable to fire.
You are immune to poison.
Your flesh is cold resistant.
You are immune to negative energy.
You are immune to unholy pain and torment.
You can survive without breathing.

Inventory:

Hand weapons
 a - a +0 falchion (weapon)
Missiles
 e - 5 tomahawks of dispersal (quivered)
Armour
 b - a +0 leather armour (worn)
 j - a +0 pair of boots (worn)
Scrolls
 d - 2 scrolls of blinking
 f - a scroll of enchant weapon {unknown}
 g - 3 scrolls of identify {unknown}
 h - a scroll of immolation {unknown}
 i - a scroll of remove curse {unknown}
 k - a scroll of random uselessness {unknown}
Books
 c - a book of Spatial Translocations

   Spells                             Type                      Level
   a - Apportation                    Translocation                1
   b - Blink                          Translocation                2
   c - Shroud of Golubria             Charms/Translocation         2
   d - Portal Projectile              Translocation                3
   e - Teleport Other                 Translocation                3
   f - Passage of Golubria            Translocation                4


   Skills:
 - Level 2.0 Fighting
 * Level 2.4 Long Blades
 - Level 0.7 Throwing
 + Level 2.0 Armour
 - Level 1.5 Dodging
 - Level 2.0 Spellcasting
 + Level 2.7 Translocations


You had 3 spell levels left.
You knew the following spells:

 Your Spells              Type           Power        Failure   Level  Hunger
a - Apportation           Tloc           #.........   12%         1    N/A
b - Blink                 Tloc           N/A          17%         2    N/A


You were on level 3 of the Dungeon.
You worshipped Gozag.
Gozag was noncommittal.
You were not hungry.

You visited 1 branch of the dungeon, and saw 3 of its levels.

You collected 169 gold pieces.

..#.# #.#
♣..♣ ..#.#
#.# ♣♣.♣
..#.# ##.#
♣♣.♣
....#####..##
♣.♣♣
.#....<.....#
♣♣.♣
.#.#####....#
♣(.♣ .#.###
#)...# ♣(♣♣
.....###...##
♣(♣♣
##.#.......#
♣.@♣
#.#####.#.#
♣♣c♣
#.#####.#.#
♣r♣
#.......#.#
♣.♣
###.......#
♣.♣
####.#####.#
♣.♣ #....#
#.# ♣..
.###.#####.#
♣..
.#.........#

Notes
Turn   | Place    | Note
--------------------------------------------------------------
     0 | D:1      | ololoev the Mummy Warper began the quest for the Orb.
     0 | D:1      | Reached XP level 1. HP: 16/16 MP: 3/3
   198 | D:1      | Reached skill level 1 in Armour
   554 | D:1      | Reached XP level 2. HP: 17/22 MP: 5/5
   608 | D:1      | Learned a level 2 spell: Blink
  1209 | D:2      | Reached XP level 3. HP: 13/27 MP: 6/6
  1418 | D:2      | Found a faded altar to an unknown god.
  1425 | D:2      | Became a worshipper of Gozag Ym Sagoz the Greedy
  2004 | D:2      | Found a bloodstained altar of Trog.
  2593 | D:3      | Noticed a centaur
  2601 | D:3      | HP: 1/27 [centaur (2)]
  2602 | D:3      | Mangled by a centaur

Dungeon Overview and Level Annotations

Branches:
Dungeon (3/15)

Altars:
Trog


Message History

No target in view!
No target in view!
You now have 169 gold pieces (gained 6).
Found a leather armour.
A centaur comes into view.
The centaur shouts!
The centaur wields a shortbow.
The centaur shoots an arrow.
The arrow hits you!
You see here an arrow.
You can't drink.
Unknown command.
A quokka comes into view.
The centaur shoots an arrow.
The arrow barely misses you.
The centaur shoots an arrow.
The arrow hits you but does no damage.
You see here 2 arrows.
The centaur shoots an arrow.
The arrow hits you!
You see here an arrow.
The centaur unwields an uncursed shortbow.
The centaur misses you.
You hit the centaur.
The centaur is moderately wounded.
The centaur barely misses you. The centaur closely misses you.
You hit the centaur.
The centaur is heavily wounded.
The centaur hits you but does no damage.
You hit the centaur.
The centaur is heavily wounded.
The centaur hits you. The centaur closely misses you.
You barely miss the centaur.
The centaur is heavily wounded.
The centaur hits you! The centaur hits you.
Use which ability? (? or * to list) [a] - 0 gold - haste, agility and flight [b] - 0 gold - resistance, agility and haste [c] - 0 gold - haste and resistance Purchase which effect?
You feel yourself speed up.
You feel agile all of a sudden.
You feel very buoyant.
You fly up into the air.
The centaur misses you. The centaur hits you!
You die...
Your body crumbles into a pile of gold.

You could see a centaur and a quokka.

Vanquished Creatures
  2 adders
  An ooze (D:1)
  3 giant geckos
  A giant cockroach (D:2)
  5 goblins
  2 hobgoblins (D:2)
  A quokka (D:2)
  6 bats
  9 kobolds
  7 rats
37 creatures vanquished.

Action                   || total
-------------------------++-------
Melee: Falchion          ||   148
Throw: Tomahawk          ||     1
Invok: Potion Petition   ||     1

Vault maps used:
D:1:      mrwooster_arrival_arrow, serial_glass, glass_columns_c,
          glass_columns_a, serial_bayou_lake_a
D:2:      first_bread, ecumenical_altar_2, minivault_4, serial_bayou_pond_d,
          trog_book
D:3:      forest_paths
